 Dungeon Crawl Stone Soup version 0.23-a0-635-g88ca12a (webtiles) character file.

30 Lilu the Magician (level 3, 0/20 HPs)
             Began as a Deep Elf Wizard on Dec 27, 2018.
             Slain by a worm (11 damage)
             ... on level 2 of the Dungeon.
             The game lasted 00:03:27 (1159 turns).

Lilu the Magician (Deep Elf Wizard)                 Turns: 1159, Time: 00:03:28

Health: 0/20       AC:  2    Str:  5    XL:     3   Next: 3%
Magic:  9/11       EV: 13    Int: 22    God:
Gold:   49         SH:  0    Dex: 13    Spells: 6/11 levels left

rFire    . . .     SeeInvis .   f - +0 short sword
rCold    . . .     Gourm    .   (no shield)
rNeg     . . .     Faith    .   a - +0 robe
rPois    .         Spirit   .   b - +0 hat
rElec    .         Reflect  .   (no cloak)
rCorr    .         Harm     .   (no gloves)
MR       .....                  (no boots)
Stlth    ++........             (no amulet)
HPRegen  0.06/turn              (no ring)
MPRegen  0.12/turn              (no ring)

@: no status effects
A: no striking features
a: no special abilities


You were on level 2 of the Dungeon.
You were hungry.

You visited 1 branch of the dungeon, and saw 2 of its levels.

You collected 49 gold pieces.

Inventory:

Hand Weapons
 f - a +0 short sword (weapon)
Missiles
 e - 6 poisoned needles
 g - 65 stones (quivered)
 i - 32 sling bullets
 l - 40 arrows
Armour
 a - a +0 robe (worn)
 b - a +0 hat (worn)
 h - a +0 large shield
Scrolls
 m - a scroll of remove curse {unknown}
 n - a scroll of noise {unknown}
 p - a scroll of immolation {unknown}
 q - a scroll of identify {unknown}
 r - a scroll of blinking {unknown}
 t - a scroll of teleportation {unknown}
Potions
 c - a potion of brilliance {unknown}
 k - a potion of curing {unknown}
 o - a potion of haste {unknown}
 s - 2 potions of invisibility {unknown}
Comestibles
 d - 3 rations


   Skills:
 + Level 0.5 Fighting
 + Level 2.9 Dodging
 - Level 2.6 Stealth
 + Level 4.7 Spellcasting
 + Level 1.6 Conjurations
 + Level 1.4 Summonings
 + Level 1.3 Translocations


You had 6 spell levels left.
You knew the following spells:

 Your Spells              Type           Power        Failure   Level  Hunger
a - Magic Dart            Conj           ##..         5%          1    None
b - Call Imp              Summ           ##......     9%          2    None
c - Blink                 Tloc           N/A          9%          2    None

Your spell library contained the following spells:

 Spells                   Type           Power        Failure   Level  Hunger
 Slow                     Hex            #.......     16%         2    None
 Conjure Flame            Conj/Fire      #.......     22%         3    ##.....
 Mephitic Cloud           Conj/Pois/Air  #.......     26%         3    ##.....


Dungeon Overview and Level Annotations

Branches:
Dungeon (2/15)

Altars:


Message History

The rat is moderately wounded.
The rat bites you.
You hit the rat.
You kill the rat!
You hit the rat.
You kill the rat!
You climb upwards.
There is a stone staircase leading down here.
You start resting.
You are feeling hungry.
You start resting.
Magic restored.
You climb downwards.
The worm bites you!
There is a stone staircase leading up, spattered with blood here.
Casting: Magic Dart (safe; 5% risk of failure)
Confirm with . or Enter, or press ? or * to list all spells.
A beastly little devil appears in a puff of flame.
The worm bites you!
Ouch! That really hurt!
You die...

. ##. .. #.# .
..# #.. ..#
#...#####..###
#....@w5....#
########..#.#
...%# ....#
##..# ....
.... ....


You could see a worm and a friendly crimson imp.

Vanquished Creatures
  An ooze (D:1)
  A dart slug (D:1)
  A ball python (D:1)
  3 bats (D:1)
  2 hobgoblins
  A frilled lizard (D:2)
  3 goblins (D:1)
  2 kobolds (D:1)
  7 rats
21 creatures vanquished.

Vanquished Creatures (collateral kills)
  2 jackals (D:2)
  A kobold (D:2)
  A rat (D:2)
4 creatures vanquished.

Vanquished Creatures (others)
  A goblin (D:1)
1 creature vanquished.

Grand Total: 26 creatures vanquished

Notes
Turn   | Place    | Note
-------+----------+-------------------------------------------
     0 | D:1      | Lilu the Deep Elf Wizard began the quest for the Orb.
     0 | D:1      | Reached XP level 1. HP: 10/10 MP: 7/7
   142 | D:1      | Reached XP level 2. HP: 15/15 MP: 3/9
   146 | D:1      | Learned a level 2 spell: Call Imp
   149 | D:1      | Learned a level 2 spell: Blink
   403 | D:1      | You fall through a shaft!
  1068 | D:2      | Reached XP level 3. HP: 20/20 MP: 0/11
  1159 | D:2      | Slain by a worm

Vault maps used:
D:1:      dpeg_arrival_three_same_balls, lemuel_flame_loot_1
D:2:      lemuel_coloured_pillars_altar

Action                   || total
-------------------------++-------
Melee: Short sword       ||    13
 Cast: Magic Dart        ||    51
       Call Imp          ||     3
 Stab: Sleeping          ||     1
Armor: Robe              ||     3
Dodge: Dodged            ||    19

Table legend:
 A = Non-vault XP
 B = Vault XP
 C = Vault XP percentage of total XP
 D = Non-vault monster count
 E = Vault monster count
 F = Vault count percentage of total count
                 A         B        C        D         E       F
            +---------+---------+-------+---------+---------+-------
      Total |      43 |       0 |   0.0 |      25 |       0 |   0.0
            +---------+---------+-------+---------+---------+-------
        D:1 |      31 |       0 |   0.0 |      15 |       0 |   0.0
        D:2 |      12 |       0 |   0.0 |      10 |       0 |   0.0
            +---------+---------+-------+---------+---------+-------
